PAA
MERCER ISLAND SCREAMING EAGLES @ SPRINGFIELD SHOOTERS
05/27/2020
 
TOP OF THE 1ST
Mercer Island Screaming Eagles batting - Pitching for Springfield Shooters : LHP Hank Downey
Pitching: LHP Hank Downey
Batting: LHB Mike Russell 0-0: Ball
1-0: Foul Ball, location: 2F
1-1: Ground out U3 (Groundball, 3)
Batting: SHB Stephen Yates 0-0: SINGLE (Groundball, 4M)
Batting: RHB Luis Antonio Hernández 0-0: Ball
1-0: Foul Ball, location: 2F
1-1: Reached on error, E6 (Groundball, 6M)
Stephen Yates to second
Batting: LHB Nelson Plasenia 0-0: DOUBLE (Groundball, 3L)
Stephen Yates scores
Luis Antonio Hernández to third
Runner from 3rd tries for Home, SAFE, no throw or cutoff
Batting: LHB Gustavo Cortéz 0-0: Hit by Pitch
Batting: LHB Gregg Young 0-0: Ball
1-0: Foul Ball, location: 2F
1-1: Ball
2-1: Grounds into double play, 1-4-3 (Groundball, 25)
Top of the 1st over - 2 run(s), 2 hit(s), 1 error(s), 1 left on base; Mercer Island 2 - Springfield 0
BOTTOM OF THE 1ST
Springfield Shooters batting - Pitching for Mercer Island Screaming Eagles : RHP Rob Hanson
Pitching: RHP Rob Hanson
Batting: RHB Tom Potts 0-0: Called Strike
0-1: Called Strike
0-2: Ball
1-2: Ball
2-2: Ball
3-2: Ground out 5-3 (Groundball, 56)
Batting: RHB Jake Hutchinson 0-0: Ball
1-0: Called Strike
1-1: Swinging Strike
1-2: Ball
2-2: SINGLE (Groundball, 4MD)
Batting: SHB Jared Jefferson 0-0: Ball
1-0: Ball
2-0: Called Strike
2-1: Foul Ball, location: 2F
2-2: Strikes out swinging
Batting: LHB Pancho Ruíz 0-0: Foul Ball, location: 2F
0-1: Called Strike
0-2: Foul Ball, location: 2F
0-2: Ball
Jake Hutchinson is caught stealing 2nd base
Bottom of the 1st over - 0 run(s), 1 hit(s), 0 error(s), 0 left on base; Mercer Island 2 - Springfield 0
TOP OF THE 2ND
Mercer Island Screaming Eagles batting - Pitching for Springfield Shooters : LHP Hank Downey
Batting: RHB Luis Rodríguez 0-0: Foul Ball, location: 2F
0-1: Foul Ball, location: 2F
0-2: Ball
1-2: Ball
2-2: Foul Ball, location: 2F
2-2: Strikes out swinging
Batting: RHB Luis Jiménez 0-0: Foul Ball, location: 2F
0-1: Ball
1-1: SINGLE (Line Drive, 7S)
Batting: RHB Joe Craig 0-0: Foul Ball, location: 2F
0-1: Ball
1-1: SINGLE (Line Drive, 6MD)
Luis Jiménez to second
Batting: LHB Mike Russell 0-0: Ball
1-0: Ball
2-0: SINGLE (Line Drive, 9S)
Luis Jiménez to third
Joe Craig to second
Runner from 3rd tries for Home, SAFE, no throw or cutoff
Batting: SHB Stephen Yates 0-0: Called Strike
Mike Russell steals 2nd base
Joe Craig to third
0-1: Ball
1-1: Foul Ball, location: 2F
1-2: Foul Ball, location: 2F
1-2: Foul Ball, location: 2F
1-2: Ball
2-2: Foul Ball, location: 2F
2-2: Foul Ball, location: 2F
2-2: Strikes out swinging
Batting: RHB Luis Antonio Hernández 0-0: Called Strike
0-1: Called Strike
0-2: Foul Ball, location: 2F
0-2: Ball
1-2: Foul Ball, location: 2F
1-2: Ball
2-2: Fly out, F9 (Flyball, 89M)
Top of the 2nd over - 1 run(s), 3 hit(s), 0 error(s), 2 left on base; Mercer Island 3 - Springfield 0
BOTTOM OF THE 2ND
Springfield Shooters batting - Pitching for Mercer Island Screaming Eagles : RHP Rob Hanson
Batting: LHB Pancho Ruíz 0-0: SINGLE (Groundball, 4MD)
Batting: SHB Adrián Pueblo 0-0: Ball
1-0: Fly out, F1 (Line Drive, 15S)
1-0: Lined into DP, 1-3 (Line Drive, 15S)
Batting: RHB Bruce Reiser 0-0: Called Strike
0-1: Ball
1-1: Swinging Strike
1-2: Foul Ball, location: 2F
1-2: Ball
2-2: Ground out U3 (Groundball, 3)
Bottom of the 2nd over - 0 run(s), 1 hit(s), 0 error(s), 0 left on base; Mercer Island 3 - Springfield 0
TOP OF THE 3RD
Mercer Island Screaming Eagles batting - Pitching for Springfield Shooters : LHP Hank Downey
Batting: LHB Nelson Plasenia 0-0: Called Strike
0-1: Called Strike
0-2: Foul Ball, location: 2F
0-2: Strikes out swinging
Batting: LHB Gustavo Cortéz 0-0: Called Strike
0-1: Ball
1-1: Swinging Strike
1-2: Ball
2-2: Ball
3-2: Strikes out looking
Batting: LHB Gregg Young 0-0: Foul Ball, location: 2F
0-1: Ball
1-1: Fly out, F8 (Flyball, 89D)
Top of the 3rd over - 0 run(s), 0 hit(s), 0 error(s), 0 left on base; Mercer Island 3 - Springfield 0
BOTTOM OF THE 3RD
Springfield Shooters batting - Pitching for Mercer Island Screaming Eagles : RHP Rob Hanson
Batting: LHB Mike Parker 0-0: Ball
1-0: Ball
2-0: Foul Ball, location: 2F
2-1: Ground out 6-3 (Groundball, 6M)
Batting: RHB José Ayala 0-0: Ball
1-0: Ball
2-0: Called Strike
2-1: Swinging Strike
2-2: Foul Ball, location: 2F
2-2: Strikes out looking
Batting: RHB Bernardo Burgos 0-0: Ball
1-0: Called Strike
1-1: Swinging Strike
1-2: Ball
2-2: Ball
3-2: Strikes out looking
Bottom of the 3rd over - 0 run(s), 0 hit(s), 0 error(s), 0 left on base; Mercer Island 3 - Springfield 0
TOP OF THE 4TH
Mercer Island Screaming Eagles batting - Pitching for Springfield Shooters : LHP Hank Downey
Batting: RHB Luis Rodríguez 0-0: Ball
1-0: Called Strike
1-1: Ground out 5-3 (Groundball, 5L)
Batting: RHB Luis Jiménez 0-0: Ball
1-0: Called Strike
1-1: Fly out, F8 (Flyball, 8RM)
Batting: RHB Joe Craig 0-0: Called Strike
0-1: Swinging Strike
0-2: TRIPLE (Flyball, 78XD)
Batting: LHB Mike Russell 0-0: Reached on error, E5 (Groundball, 56S)
Joe Craig scores
Batting: SHB Stephen Yates 0-0: Foul Ball, location: 2F
0-1: Ball
1-1: Ball
2-1: Foul Ball, location: 2F
2-2: Ball
3-2: SINGLE (Groundball, 6)
Mike Russell to second
Mike Russell to third
Batting: RHB Luis Antonio Hernández 0-0: Ground out 5-3 (Groundball, 56)
Top of the 4th over - 1 run(s), 2 hit(s), 1 error(s), 2 left on base; Mercer Island 4 - Springfield 0
BOTTOM OF THE 4TH
Springfield Shooters batting - Pitching for Mercer Island Screaming Eagles : RHP Rob Hanson
Batting: RHB Tom Potts 0-0: Bunted foul
0-1: Ball
1-1: Swinging Strike
1-2: Strikes out swinging, 2-3 out at first.
Batting: RHB Jake Hutchinson 0-0: Swinging Strike
0-1: Swinging Strike
0-2: Strikes out looking
Batting: SHB Jared Jefferson 0-0: Called Strike
0-1: Fly out, F8 (Flyball, 8LM)
Bottom of the 4th over - 0 run(s), 0 hit(s), 0 error(s), 0 left on base; Mercer Island 4 - Springfield 0
TOP OF THE 5TH
Mercer Island Screaming Eagles batting - Pitching for Springfield Shooters : LHP Hank Downey
Batting: LHB Nelson Plasenia 0-0: Called Strike
0-1: Ball
1-1: Ball
2-1: Called Strike
2-2: Strikes out swinging
Batting: LHB Gustavo Cortéz 0-0: Ball
1-0: Foul Ball, location: 2F
1-1: Ball
2-1: DOUBLE (Line Drive, 7LS)
Batting: LHB Gregg Young 0-0: Called Strike
0-1: Ball
1-1: Foul Ball, location: 2F
1-2: Foul Ball, location: 2F
1-2: Strikes out swinging
Batting: RHB Luis Rodríguez 0-0: Ball
1-0: Ball
2-0: Ball
3-0: Called Strike
3-1: Base on Balls
Batting: RHB Luis Jiménez 0-0: Fly out, F4 (Popup, 4D)
Top of the 5th over - 0 run(s), 1 hit(s), 0 error(s), 2 left on base; Mercer Island 4 - Springfield 0
BOTTOM OF THE 5TH
Springfield Shooters batting - Pitching for Mercer Island Screaming Eagles : RHP Rob Hanson
Batting: LHB Pancho Ruíz 0-0: Called Strike
0-1: Ground out 4-3 (Groundball, 4)
Batting: SHB Adrián Pueblo 0-0: Ground out 1-3 (Groundball, 25)
Batting: RHB Bruce Reiser 0-0: Ground out 6-3 (Groundball, 6M)
Bottom of the 5th over - 0 run(s), 0 hit(s), 0 error(s), 0 left on base; Mercer Island 4 - Springfield 0
TOP OF THE 6TH
Mercer Island Screaming Eagles batting - Pitching for Springfield Shooters : LHP Hank Downey
Batting: RHB Joe Craig 0-0: Called Strike
0-1: Ball
1-1: Foul Ball, location: 2F
1-2: Foul Ball, location: 2F
1-2: SINGLE (Groundball, 6D)
Batting: LHB Mike Russell 0-0: Ball
1-0: Sac Bunt - play at first, batter OUT! 5-4
Joe Craig to second
Batting: SHB Stephen Yates 0-0: Foul Ball, location: 2F
0-1: Ball
1-1: Swinging Strike
1-2: Ball
2-2: Fly out, F9 (Flyball, 9LM)
Batting: RHB Luis Antonio Hernández 0-0: Called Strike
0-1: Fly out, F9 (Flyball, 89M)
Top of the 6th over - 0 run(s), 1 hit(s), 0 error(s), 1 left on base; Mercer Island 4 - Springfield 0
BOTTOM OF THE 6TH
Springfield Shooters batting - Pitching for Mercer Island Screaming Eagles : RHP Rob Hanson
Batting: LHB Mike Parker 0-0: Called Strike
0-1: Ball
1-1: Ball
2-1: Foul Ball, location: 2F
2-2: Ball
3-2: Fly out, F6 (Popup, 5L)
Batting: RHB José Ayala 0-0: Called Strike
0-1: Swinging Strike
0-2: Ball
1-2: Foul Ball, location: 2F
1-2: Foul Ball, location: 2F
1-2: Ball
2-2: Foul Ball, location: 2F
2-2: SINGLE (Groundball, 56)
Batting: RHB Bernardo Burgos 0-0: Called Strike
0-1: Swinging Strike
0-2: Strikes out swinging
Batting: RHB Tom Potts 0-0: Fly out, F6 (Popup, 56D)
Bottom of the 6th over - 0 run(s), 1 hit(s), 0 error(s), 1 left on base; Mercer Island 4 - Springfield 0
TOP OF THE 7TH
Mercer Island Screaming Eagles batting - Pitching for Springfield Shooters : LHP Hank Downey
Batting: LHB Nelson Plasenia 0-0: Foul Ball, location: 2F
0-1: Foul Ball, location: 2F
0-2: SINGLE (Line Drive, 5D)
Pitching: LHP Jim Unknown
Batting: LHB Gustavo Cortéz 0-0: Ball
1-0: Foul Ball, location: 2F
1-1: Called Strike
1-2: Fly out, F7 (Flyball, 78S)
Batting: LHB Gregg Young 0-0: Ball
1-0: Ball
2-0: Ball
3-0: Called Strike
3-1: Swinging Strike
3-2: Base on Balls
Nelson Plasenia to second
Batting: RHB Luis Rodríguez 0-0: Foul Ball, location: 2F
0-1: Ball
1-1: Foul Ball, location: 2F
1-2: Ball
2-2: Foul Ball, location: 2F
2-2: Foul Ball, location: 2F
2-2: Strikes out swinging
Batting: RHB Luis Jiménez 0-0: Ball
1-0: Foul Ball, location: 2F
1-1: Foul Ball, location: 2F
1-2: Ball
2-2: Strikes out swinging
Top of the 7th over - 0 run(s), 1 hit(s), 0 error(s), 2 left on base; Mercer Island 4 - Springfield 0
BOTTOM OF THE 7TH
Springfield Shooters batting - Pitching for Mercer Island Screaming Eagles : RHP Rob Hanson
Batting: RHB Jake Hutchinson 0-0: Called Strike
0-1: Ball
1-1: Ball
2-1: Foul Ball, location: 2F
2-2: Ball
3-2: Foul Ball, location: 2F
3-2: Strikes out swinging
Batting: SHB Jared Jefferson 0-0: Foul Ball, location: 2F
0-1: SOLO HOME RUN (Flyball, 9D), Distance : 358 ft
Batting: LHB Pancho Ruíz 0-0: Fly out, F1 (Line Drive, 15)
Batting: SHB Adrián Pueblo 0-0: Foul Ball, location: 2F
0-1: Called Strike
0-2: Strikes out swinging
Bottom of the 7th over - 1 run(s), 1 hit(s), 0 error(s), 0 left on base; Mercer Island 4 - Springfield 1
TOP OF THE 8TH
Mercer Island Screaming Eagles batting - Pitching for Springfield Shooters : LHP Jim Unknown
Batting: RHB Joe Craig 0-0: Foul Ball, location: 2F
0-1: Foul Ball, location: 2F
0-2: DOUBLE (Flyball, 7LM)
Batting: LHB Mike Russell 0-0: Ball
1-0: Ball
2-0: DOUBLE (Line Drive, 78M)
Joe Craig scores
Batting: SHB Stephen Yates 0-0: Ball
1-0: Ball
2-0: Ball
3-0: Called Strike
3-1: SINGLE (Groundball, 4MD)
Mike Russell to third
Batting: RHB Luis Antonio Hernández 0-0: Ball
1-0: Foul Ball, location: 2F
1-1: Fly out, F8 (Flyball, 8LM)
Runner from 3rd tags up, SCORES, no throw
Pitching: RHP Jim Unknown
Batting: LHB Nelson Plasenia 0-0: Ball
1-0: Foul Ball, location: 2F
1-1: SINGLE (Line Drive, 56D)
Stephen Yates to second
Batting: LHB Gustavo Cortéz 0-0: Fly out, F5 (Popup, 15S)
Batting: LHB Gregg Young 0-0: Called Strike
0-1: Called Strike
0-2: Strikes out swinging
Top of the 8th over - 2 run(s), 4 hit(s), 0 error(s), 2 left on base; Mercer Island 6 - Springfield 1
BOTTOM OF THE 8TH
Springfield Shooters batting - Pitching for Mercer Island Screaming Eagles : RHP Rob Hanson
Batting: RHB Bruce Reiser 0-0: Ball
1-0: Foul Ball, location: 2F
1-1: Called Strike
1-2: Foul Ball, location: 2F
1-2: Ball
2-2: Ball
3-2: Base on Balls
Batting: LHB Mike Parker 0-0: SINGLE (Line Drive, 34)
Bruce Reiser to second
Batting: RHB José Ayala 0-0: Called Strike
0-1: Fly out, F8 (Flyball, 8LM)
Batting: RHB Bernardo Burgos 0-0: Foul Ball, location: 2F
0-1: Grounds into double play, 6-4-3 (Groundball, 6M)
Bottom of the 8th over - 0 run(s), 1 hit(s), 0 error(s), 1 left on base; Mercer Island 6 - Springfield 1
TOP OF THE 9TH
Mercer Island Screaming Eagles batting - Pitching for Springfield Shooters : RHP Jim Unknown
Pitching: RHP Jim Unknown
Batting: RHB Luis Rodríguez 0-0: Ground out 6-3 (Groundball, 6)
Batting: RHB Luis Jiménez 0-0: Swinging Strike
0-1: Ball
1-1: Called Strike
1-2: Ball
2-2: Hit by Pitch
Batting: RHB Joe Craig 0-0: Called Strike
0-1: Foul Ball, location: 2F
0-2: Ball
1-2: Fly out, F9 (Popup, 34D)
Batting: LHB Mike Russell 0-0: Ball
1-0: SINGLE (Groundball, 4MD)
Luis Jiménez to second
Runner from 2nd tries for 3rd, SAFE, no throw or cutoff
Batting: SHB Stephen Yates 0-0: Foul Ball, location: 2F
0-1: Ground out 1-3 (Groundball, 13S)
Top of the 9th over - 0 run(s), 1 hit(s), 0 error(s), 2 left on base; Mercer Island 6 - Springfield 1
BOTTOM OF THE 9TH
Springfield Shooters batting - Pitching for Mercer Island Screaming Eagles : RHP Rob Hanson
Pitching: RHP Jim Unknown
Batting: RHB Tom Potts 0-0: Ball
1-0: Ball
2-0: Called Strike
2-1: Called Strike
2-2: Ball
3-2: Fly out, F6 (Popup, 56)
Batting: RHB Jake Hutchinson 0-0: Ball
1-0: Ball
2-0: Ball
3-0: Called Strike
3-1: Foul Ball, location: 2F
3-2: Foul Ball, location: 2F
3-2: Strikes out swinging
Batting: SHB Jared Jefferson 0-0: Ball
1-0: Called Strike
1-1: Swinging Strike
1-2: Ground out 4-3 (Groundball, 4)
Bottom of the 9th over - 0 run(s), 0 hit(s), 0 error(s), 0 left on base; Mercer Island 6 - Springfield 1
This league is powered by Out of the Park Baseball, the baseball management simulation game for PC, Mac and Linux
Friday, October 23rd, 2015 - OOTP Baseball 16.9 Build 39